AoeStats
← 游先生的游戏机

Arabia

505401893Analyzed
1v1 RM · 22d ago on Sep 9, 2026· 61m 53s· 2 players
Game mode
Random Map
Map size
Tiny (2 player)
Population
200
Speed
Normal
Resources
Standard
Victory
Conquest
Starting age
Dark Age
Ending age
Imperial Age
RankedLock teamsTeams togetherTeam positionsShared explorationLock speedFull tech treeHidden civsTurbo modeCheats
Victory
Defeat
🇨🇳 Slavs · China
799
+18
🇧🇩 Saracens · Bangladesh
840
-18
游先生的游戏机
3:59 Loom
12:25 Feudal Age
12:49 Horse Collar
12:58 Double-Bit Axe
14:19 Wheelbarrow
13:22 Man-at-Arms
14:16 Gold Mining
18:48 Bloodlines
20:03 Stone Mining
23:00 Castle Age
21:42 Forging
21:38 Scale Barding Armor
22:01 Town Watch
23:17 Fletching
23:28 Scale Mail Armor
24:53 Bow Saw
24:45 Heavy Plow
25:24 Gold Shaft Mining
25:22 Hand Cart
29:20 Detinets
29:47 Bodkin Arrow
30:00 Husbandry
36:18 Imperial Age
35:08 Murder Holes
35:24 Masonry
35:26 Pikeman
36:07 Squires
37:27 Conscription
39:26 Halberdier
41:34 Ballistics
41:22 Siege Engineers
44:16 Two-Man Saw
44:36 Hoardings
44:27 Chain Mail Armor
46:29 Iron Casting
46:25 Plate Mail Armor
48:53 Crop Rotation
56:30 Blast Furnace
57:06 Druzhina
60:01 Heavy Scorpion
63:14 Chemistry
CapnAbulel
6:49 Loom
9:42 Feudal Age
10:21 Double-Bit Axe
12:00 Town Watch
21:00 Castle Age
19:35 Gold Mining
20:30 Fletching
21:19 Padded Archer Armor
21:03 Crossbowman
22:56 Bow Saw
23:20 Bodkin Arrow
25:00 Leather Archer Armor
25:01 Horse Collar
27:09 Heavy Plow
28:35 Scale Barding Armor
29:26 Forging
30:44 Bloodlines
31:06 Husbandry
32:17 Chain Barding Armor
32:54 Wheelbarrow
34:16 Hand Cart
37:28 Ballistics
40:49 Imperial Age
40:51 Iron Casting
40:56 Elite Skirmisher
42:20 Bracer
42:52 Ring Archer Armor
43:41 Murder Holes
43:37 Light Cavalry
45:23 Blast Furnace
47:28 Hussar
52:54 Plate Barding Armor
53:13 Thumb Ring
57:38 Conscription
Connection lost

Rejoining the realm…

Still unreachable

The connection could not be restored.

Session expired

The server has moved on; the page needs a fresh start.